[Event "Klubbmästerskap 2025 Tisdag"]
[Site "Linköping, Sweden"]
[Date "2025.02.25"]
[Round "5.1"]
[White "Nyberg, Peter"]
[Black "Rogoz, Vladyslav"]
[Result "1-0"]
[TimeControl "90 min + 30 sec/move"]
[WhiteElo "1972"]
[BlackElo "2099"]

1. c4 e5 2. Nc3 d6 3. g3 f5 4. Bg2 Nf6 5. d3 Be7 6. e4 O-O 7. Nge2 Nc6 8. Nd5 fxe4 9. dxe4 Bg4 10.
f3 Be6 11. O-O a5 12. Be3 Qd7 13. Qd2 Bd8 14. b3 Bh3 15. Rf2 Bxg2 16. Kxg2 Qf7 17. Raf1 Qg6 18. Nec3 Rf7 19. Kh1 Nb8 20.
Nxf6+ Bxf6 21. Nd5 Nc6 22. Qd3 Re8 23. c5 dxc5 24. Bxc5 b6 25. Be3 Rd8 26. Qc4 Nd4 27. Bxd4 exd4 28.
e5 b5 29. Nxf6+ gxf6 30. Qxb5 Qf5 31. Re1 d3 32. Qxa5 Rfd7 33. f4 d2 34. Rd1 Qe4+ 35. Kg1 Rd5 36. Qc3 fxe5 37. fxe5 c5 38.
Qf3 Qe1+ 39. Rf1 Qxe5 40. Qf7+ Kh8 41. Qf6+ Qxf6 42. Rxf6 Ra8 43. a4 Re8 44. Kf2 Kg7 45. Rf3 Rh5 46.
h4 Rd5 47. Re3 Red8 48. Ke2 Kg6 49. a5 Kh5 50. a6 Kg4 51. a7 R5d7 52. a8=Q Rxa8 53. Rxd2 Rxd2+ 54. Kxd2 h5 55. Kc3 Ra1 56.
Kc4 Rc1+ 57. Kb5 Rc2 58. Re5 Rc3 59. Rg5+ Kh3 60. Ka4 Rxg3 61. Rxc5 Kxh4 62. b4 Rg1 63. b5 Ra1+ 64. Kb4 Kg4 65.
b6 Rb1+ 66. Ka5 Ra1+ 67. Kb5 h4 68. Rc4+ Kg3 69. b7 Rb1+ 70. Rb4 Rxb4+ 71. Kxb4 h3 72. b8=Q+ Kg2 73. Qb7+ Kg1 74. Qg7+ Kh1 75.
Qa1+ Kg2 76. Qb2+ Kh1 77. Qc1+ Kg2 78. Qd2+ Kh1 79. Qf2 1-0

[Event "Klubbmästerskap 2025 Tisdag"]
[Site "Linköping, Sweden"]
[Date "2025.02.25"]
[Round "5.2"]
[White "Andersson, Mats 1960"]
[Black "Olsson, Simon"]
[Result "1/2-1/2"]
[TimeControl "90 min + 30 sec/move"]
[WhiteTitle "FM"]
[WhiteElo "2263"]
[BlackElo "2075"]

1. d4 Nf6 2. Nf3 d5 3. Bf4 c5 4. e3 Nc6 5. c3 Qb6 6. b3 Bg4 7. Be2 e6 8. h3 Bh5 9. O-O Be7 10.
Ne5 Bxe2 11. Qxe2 Rc8 12. Qb2 O-O 13. Nd2 cxd4 14. exd4 Nxe5 15. Bxe5 Qa5 16. b4 Qb5 17. Bxf6 Bxf6 18.
Nf3 Rc7 19. Rfe1 Rfc8 20. a4 Qd7 21. Re3 Rc6 22. g3 h6 23. Kg2 Qc7 24. Ra3 Qd6 25. a5 R6c7 26. Qe2 Re7 27. Ra1 Rec7 28.
Ra3 Re7 29. Ra1 Rec7 30. Ra3 1/2-1/2

[Event "Klubbmästerskap 2025 Tisdag"]
[Site "Linköping, Sweden"]
[Date "2025.02.25"]
[Round "5.3"]
[White "Carlsson, Ingvar"]
[Black "Thyberg, André"]
[Result "1/2-1/2"]
[TimeControl "90 min + 30 sec/move"]
[WhiteElo "1996"]
[BlackElo "1961"]

1. e4 e5 2. Nf3 Nf6 3. Nxe5 d5 4. exd5 Qxd5 5. Qe2 Be7 6. Nc3 Qd8 7. d4 Qxd4 8. Bd2 O-O 9. O-O-O Bd6 10.
Nf3 Qg4 11. h3 Qe6 12. Qxe6 Bxe6 13. Ng5 Bd7 14. Nge4 Nxe4 15. Nxe4 Be5 16. Be3 Bc6 17. Nc5 b6 18. Nb3 Bb7 19.
f3 a5 20. a3 Nc6 21. Bc4 Rfe8 22. Nd4 Nxd4 23. Bxd4 Bg3 24. Bc3 Bc6 25. Be1 Bf4+ 26. Bd2 Bd6 27. Rhe1 Kf8 28. Rxe8+ Rxe8 29.
Re1 Bg3 30. Rxe8+ Kxe8 31. Kd1 Ke7 1/2-1/2

[Event "Klubbmästerskap 2025 Tisdag"]
[Site "Linköping, Sweden"]
[Date "2025.02.25"]
[Round "5.4"]
[White "Malm, Simon 1995"]
[Black "Pavlic, Oliver"]
[Result "1-0"]
[TimeControl "90 min + 30 sec/move"]
[WhiteElo "1976"]
[BlackElo "1950"]

1. d4 d5 2. c4 c6 3. Nc3 Nf6 4. e3 e6 5. Nf3 Nbd7 6. Be2 b6 7. O-O Bb7 8. b3 Bd6 9. Bb2 O-O 10.
Bd3 c5 11. cxd5 exd5 12. Rc1 Re8 13. Ne2 Ne4 14. dxc5 bxc5 15. Re1 Ndf6 16. Ng3 Nxg3 17. hxg3 Ne4 18. Bxe4 Rxe4 19. Qd3 Rc8 20.
Red1 Qe7 21. Nh4 Qe6 22. Nf3 Qe7 23. Nd2 Re6 24. Qf5 g6 25. Qd3 Be5 26. Bxe5 Rxe5 27. Nf3 Re6 28. Rd2 h5 29.
Rdc2 Kg7 30. b4 c4 31. Qd4+ Kg8 32. b5 a6 33. a4 axb5 34. axb5 Ra8 35. Ra1 Rxa1+ 36. Qxa1 Qe8 37. Nd4 Re4 38.
Qa7 Bc8 39. Qc5 h4 40. gxh4 Bf5 41. Nxf5 gxf5 42. Qxd5 Qe5 43. Qxe5 Rxe5 44. b6 Rb5 45. Rxc4 Rxb6 46. Rc5 Rf6 47.
g3 Kg7 48. Kg2 Kg6 49. Kf3 Re6 50. Rc4 f6 51. Kf4 Re5 52. f3 Ra5 53. e4 fxe4 54. fxe4 Ra1 55. Rc6 Ra5 56. g4 Kg7 57.
g5 fxg5+ 58. hxg5 Ra1 59. Rc3 Kf7 60. e5 Rf1+ 61. Rf3 Ra1 62. Kf5 Ra5 63. Rb3 1-0

[Event "Klubbmästerskap 2025 Tisdag"]
[Site "Linköping, Sweden"]
[Date "2025.02.25"]
[Round "5.5"]
[White "Nagy, Mate 2009"]
[Black "Halvarsson, Peter"]
[Result "1-0"]
[TimeControl "90 min + 30 sec/move"]
[WhiteElo "1917"]
[BlackElo "1927"]

1. e4 c5 2. Nf3 g6 3. c3 Bg7 4. d4 cxd4 5. cxd4 d5 6. e5 Bg4 7. Nc3 Nh6 8. Bxh6 Bxh6 9. h3 Bxf3 10.
Qxf3 e6 11. Bb5+ Nc6 12. O-O Qb6 13. Bxc6+ Qxc6 14. Qd3 a6 15. f4 b5 16. Rac1 Qb6 17. Ne2 Kd7 18. g4 Rac8 19. Rcd1 Rc7 20.
f5 Kc8 21. fxe6 fxe6 22. Nc3 Rf8 23. h4 Rcf7 24. g5 Bg7 25. Rxf7 Rxf7 26. Rf1 Qa7 27. Rxf7 Qxf7 28. Qf1 Qxf1+ 29. Kxf1 Bf8 30. Nd1 Kd7 31. Kf2 Bb4 32. Ke2 Ke8 33. a3 Bf8 34. Nf2 a5 35. Ng4 Ke7 36. Nf6 h6 37. gxh6 Kf7 38.
h7 Kg7 39. Nd7 Be7 40. Nc5 Kxh7 41. Nxe6 Bxh4 42. Nc7 b4 43. axb4 axb4 44. Nxd5 b3 45. Nf4 Kg7 46. Ne6+ Kf7 47. Nc5 Bg5 48. Nxb3 Ke6 49.
Kd3 Kd5 50. Nc5 Bc1 51. Na4 g5 52. Nc3+ Ke6 53. b4 g4 54. Ne4 Bf4 55. b5 g3 56. Nxg3 Bxg3 57. Ke4 Be1 58. d5+ Kd7 59.
d6 Ba5 60. Kd5 Bb6 61. e6+ Kd8 62. Kc6 Ba7 63. e7+ Ke8 64. Kc7 1-0

[Event "Klubbmästerskap 2025 Tisdag"]
[Site "Linköping, Sweden"]
[Date "2025.02.25"]
[Round "5.6"]
[White "Gustavsson, Rolf"]
[Black "Jakobsson, Leif"]
[Result "0-1"]
[TimeControl "90 min + 30 sec/move"]
[WhiteElo "1695"]
[BlackElo "1714"]

1. d4 Nf6 2. Bg5 d5 3. Bxf6 exf6 4. e3 Bd6 5. g3 O-O 6. Bg2 c6 7. Ne2 Qb6 8.
Qc1 Bf5 9. O-O Re8 10. Nd2 Nd7 11. Re1 Nf8 12. c3 Ne6 13. b4 Ng5 14. a3 Nh3+ 15. Bxh3 Bxh3 16. Nb3 h5 17. Nc5 Qc7 18.
Nd3 g5 19. f4 Qe7 20. Kf2 Qe4 21. Rg1 Qxd3 22. fxg5 fxg5 23. e4 Qxe4 24. Qxg5+ Qg6 25. Qh4 Bg4 26. Rae1 0-1

[Event "Klubbmästerskap 2025 Tisdag"]
[Site "Linköping, Sweden"]
[Date "2025.02.25"]
[Round "5.7"]
[White "Andersson, Albin"]
[Black "Ivarsson, Simon"]
[Result "1/2-1/2"]
[TimeControl "90 min + 30 sec/move"]
[WhiteElo "1614"]
[BlackElo "1771"]

1. e4 c5 2. Nf3 e6 3. g3 Nc6 4. d3 b6 5. Bg2 Bb7 6. Nbd2 Qc7 7. c3 Nf6 8. O-O Be7 9. Re1 d6 10.
a3 O-O 11. b4 a6 12. Qb3 h6 13. Bb2 Rfd8 14. d4 Rd7 15. a4 Rb8 16. Rad1 e5 17. d5 Na7 18. b5 Rdd8 19. Bc1 Qd7 20.
c4 a5 21. Nf1 Nh7 22. Qd3 Rf8 23. Ne3 g6 24. Nf1 Ng5 25. h4 Nxf3+ 26. Qxf3 Kg7 27. Qe3 Rh8 28. Bb2 Rbf8 29. Nh2 f5 30.
Bh3 Bf6 31. Rf1 f4 32. gxf4 exf4 33. Bxf6+ Rxf6 34. Bxd7 fxe3 35. fxe3 Rhf8 36. Rxf6 Rxf6 37. Rf1 h5 38. Nf3 Bc8 39.
Bxc8 Nxc8 40. Kg2 Ne7 41. Kg3 Ng8 42. Nd2 Rxf1 43. Nxf1 Kf6 44. Kf4 Nh6 45. Nh2 Nf7 46. Nf3 Ne5 47.
Nxe5 dxe5+ 48. Kg3 Ke7 49. Kf3 1/2-1/2

[Event "Klubbmästerskap 2025 Tisdag"]
[Site "Linköping, Sweden"]
[Date "2025.02.25"]
[Round "5.8"]
[White "Modéer, Björn"]
[Black "Larsson, Emma 2008"]
[Result "0-1"]
[TimeControl "90 min + 30 sec/move"]
[WhiteElo "1700"]
[BlackElo "1754"]

1. d4 Nf6 2. Bf4 g6 3. Nc3 Bg7 4. e4 d6 5. Qd2 O-O 6. Bh6 Nbd7 7. Bxg7 Kxg7 8. O-O-O c5 9. e5 Ne8 10.
exd6 exd6 11. h4 Nef6 12. f3 h5 13. Be2 a6 14. g4 b5 15. Ne4 Qc7 16. gxh5 Nxh5 17. f4 Ndf6 18. Nxf6 Nxf6 19.
Nf3 Bf5 20. Rdg1 Rh8 21. Bd3 Bxd3 22. Qxd3 c4 23. Qf5 Rh5 24. Rg5 c3 25. Rhg1 Rxg5 26. Rxg5 Qc4 27. Qd3 Qxa2 28. bxc3 Re8 29. Nd2 Re1# 0-1

[Event "Klubbmästerskap 2025 Tisdag"]
[Site "Linköping, Sweden"]
[Date "2025.02.25"]
[Round "5.9"]
[White "Andersson, Fredrik 1969"]
[Black "Tonkin, Archie"]
[Result "1-0"]
[TimeControl "90 min + 30 sec/move"]
[WhiteElo "1746"]
[BlackElo "1657"]

1. d4 d5 2. Nc3 e6 3. Bf4 a6 4. e3 Nf6 5. Bd3 Nc6 6. Nf3 h6 7. a3 g5 8. Bg3 Bg7 9. Ne5 Nxe5 10.
Bxe5 O-O 11. h4 Ne8 12. Bxg7 Nxg7 13. hxg5 Qxg5 14. Qf3 f5 15. Qh3 Rf6 16. Ne2 Bd7 17. O-O-O c6 18. Nf4 b5 19.
Be2 Be8 20. g4 fxg4 21. Bxg4 Bf7 22. Rdg1 e5 23. Bd7 Qxg1+ 24. Rxg1 exf4 25. exf4 Kh7 26. Qh4 Rd6 27. Qe7 Rg6 28. Bf5 Nxf5 29. Qxf7+ Rg7 30. Qxf5+ Kh8 31. Rxg7 Kxg7 32. Qd7+ 1-0

[Event "Klubbmästerskap 2025 Tisdag"]
[Site "Linköping, Sweden"]
[Date "2025.02.25"]
[Round "5.13"]
[White "Gällman, Joel"]
[Black "Lantz, Lars-Göran"]
[Result "1-0"]
[TimeControl "90 min + 30 sec/move"]
[WhiteElo "1461"]
[BlackElo "1500"]

1. e4 e5 2. Nf3 d6 3. d4 Bd7 4. dxe5 dxe5 5. Nxe5 Qe7 6. Nxd7 Qxe4+ 7. Qe2 Qxe2+ 8. Bxe2 Nxd7 9. O-O Be7 10.
b3 Ngf6 11. Bf3 c6 12. Re1 Kd8 13. Nc3 Bb4 14. Bb2 Kc7 15. Re7 Bxe7 16. a3 Rhe8 17. b4 b5 18. Ne2 Bd6 19. Rc1 Ne5 20.
Bxe5 Bxe5 21. c4 a6 22. cxb5 Re6 23. Bxc6 Rxc6 24. bxc6 Rd8 25. h3 Rd6 26. a4 Rxc6 27. Rb1 Kb6 28.
f4 Bd6 29. Nd4 Rc4 30. a5+ Kb7 31. Nf5 Bxb4 32. Nd6+ Kc6 33. Nxc4 Kc5 34. Rc1 Kb5 35. Ne5 Bxa5 36. Nxf7 Bd2 37.
Rb1+ Ka5 38. Nd6 Bb4 39. Nb7+ Kb5 40. Nd6+ Ka5 41. Ra1+ Kb6 42. Rb1 Nd5 43. g3 a5 44. Nc4+ Kc5 45.
Rc1 Nc3 46. Nb2 Kb5 47. Rc2 a4 48. Nd3 a3 49. Nc1 Kc4 50. Kf2 Kd4 51. Kf3 a2 52. Nxa2 Nxa2 53. Rxa2 Kd5 54. Ke4+ 1-0